 Dungeon Crawl Stone Soup version 0.27.1-33-g824d729ab1 (webtiles) character file.

Game seed: 5109620633770358207

71 pkoi the Ruffian (level 4, -1/36 HPs)
             Began as a Draconian Warper on Dec 1, 2021.
             Slain by an orc wizard (2 damage)
             ... on level 3 of the Dungeon.
             The game lasted 00:02:07 (2871 turns).

pkoi the Ruffian (Draconian Warper)                 Turns: 2871, Time: 00:02:08

Health: -1/36      AC:  5    Str: 13    XL:     4   Next: 5%
Magic:  7/7        EV: 12    Int: 15    God:
Gold:   68         SH:  0    Dex: 10    Spells: 5/7 levels left

rFire    . . .     SeeInvis .   g - +1 rapier
rCold    . . .     Faith    .   (no shield)
rNeg     . . .     Spirit   .   (armour unavailable)
rPois    .         Reflect  .   (helmet restricted)
rElec    .         Harm     .   (no cloak)
rCorr    .         Rampage  .   (no gloves)
Will     .....                  (no boots)
Stlth    +.........             (no amulet)
HPRegen  0.12/turn              (no ring)
MPRegen  0.10/turn              (no ring)

@: invisible
A: AC +5, unfitting armour, cold-blooded
a: no special abilities


You were on level 3 of the Dungeon.
You visited 1 branch of the dungeon, and saw 3 of its levels.

You collected 68 gold pieces.

Inventory:

Hand Weapons
 c - a +0 short sword
 g - a +1 rapier (weapon)
Missiles
 b - 5 boomerangs of dispersal (quivered)
Scrolls
 a - a scroll of blinking
 d - a scroll of identify
Potions
 h - a potion of flight


   Skills:
 - Level 2.1 Fighting
 - Level 0.8 Throwing
 - Level 2.1 Dodging
 + Level 4.0 Unarmed Combat
 - Level 2.0 Spellcasting
 + Level 3.4 Translocations


You had 5 spell levels left.
You knew the following spells:

 Your Spells              Type           Power      Damage    Failure   Level
a - Blink                 Tloc           N/A        N/A       9%          2

Your spell library contained the following spells:

 Spells                   Type           Power      Damage    Failure   Level
 Gell's Gravitas          Tloc           5%         N/A       17%         3
 Lesser Beckoning         Tloc           5%         N/A       17%         3
 Teleport Other           Tloc           11%        N/A       17%         3
 Manifold Assault         Tloc           11%        N/A       83%         5


Dungeon Overview and Level Annotations

Branches:
Dungeon (3/15)

Altars:

Annotations:
D:2 1 runed translucent door, Crazy Yiuf


Innate Abilities, Weirdness & Mutations

Your plain brown scales are hard. (AC +5)
You cannot fit into any form of body armour.
You are cold-blooded and may be slowed by cold attacks.


Message History

* * * LOW HITPOINT WARNING * * *
You hit the orc wizard.
The orc wizard is severely wounded.
The orc wizard points at you and mumbles some strange words.
You resist with some effort.
The orc wizard hits you but does no damage.
You hit the orc wizard but do no damage.
The orc wizard is severely wounded.
The orc wizard hits you but does no damage.
You barely miss the orc wizard.
The orc wizard is severely wounded.
The orc wizard hits you but does no damage.
You closely miss the orc wizard.
The orc wizard is severely wounded.
The orc wizard mumbles some strange words.
The orc wizard flickers and vanishes!
Deactivating autopickup; reactivate with Ctrl-A.
You closely miss something.
You hear some strange, mumbled words.
A puff of flame appears from out of thin air!
The puff of flame hits you.
* * * LOW HITPOINT WARNING * * *
You closely miss something. Something hits you.
* * * LOW HITPOINT WARNING * * *
You hear some strange, mumbled words.
A magic dart appears from out of thin air!
The magic dart hits you.
* * * LOW HITPOINT WARNING * * *
You hit something but do no damage. Something hits you.
* * * LOW HITPOINT WARNING * * *
You miss something.
You hear some strange, mumbled words.
A magic dart appears from out of thin air!
The magic dart hits you!
* * * LOW HITPOINT WARNING * * *
Unknown command.
It was a potion of invisibility.
You fade into invisibility!
Something hits you.
You die...

##........#≈≈≈≈#≈≈≈$≈≈≈≈≈≈≈
##......###≈≈≈≈≈≈≈..≈≈≈≈≈≈
####.#####.≈≈≈≈≈./8≈#≈≈≈.
#.# #..≈≈≈≈≈≈..≈≈≈≈≈. ##.#
##..#≈≈≈≈≈≈≈#≈≈≈.. #..#
#...##.#≈≈≈≈≈≈....
#.####...#.##≈≈.≈≈.
##.###...##.>.......
#..#...#####@#......
#.##.#######{# .....
#####.##.# #..)w# .#..
.........# #............
.....)...##........#.#..
..^......##.............
#.#......##.............
.........###.....#......
#.#......# #.#.#.##...!.


You could see a worm.

Vanquished Creatures
  An adder (D:2)
  A worm (D:3)
  5 dart slugs
  2 orcs (D:3)
  6 ball pythons
  4 bats
  5 endoplasms
  4 goblins
  3 hobgoblins
  4 kobolds
  4 frilled lizards
  4 rats
43 creatures vanquished.

Notes
Turn   | Place    | Note
-------+----------+-------------------------------------------
     0 | D:1      | pkoi the Draconian Warper began the quest for the Orb.
     0 | D:1      | Reached XP level 1. HP: 17/17 MP: 3/3
   421 | D:1      | Reached XP level 2. HP: 7/24 MP: 5/5
   943 | D:1      | Reached skill level 3 in Unarmed Combat
  1459 | D:2      | Reached XP level 3. HP: 7/29 MP: 6/6
  1745 | D:2      | Learned a level 2 spell: Blink
  2139 | D:2      | Found a runed translucent door.
  2140 | D:2      | Noticed Crazy Yiuf
  2827 | D:3      | Reached skill level 4 in Unarmed Combat
  2850 | D:3      | Reached XP level 4. HP: 30/36 MP: 7/7
  2870 | D:3      | HP: 1/36 [something/magic dart (7)]
  2871 | D:3      | Slain by an orc wizard

Illustrated notes

Levels and vault maps discovered:
D:1:      ncdulo_lavacross, layout_basic, minmay_misc_feat_square
D:2:      layout_loops_ring, uniq_crazy_yiuf_cottage
D:3:      kennysheep_slugbush, layout_rooms, amethyst_overflow_temple_binary,
          serial_glass, glass_columns_a, glass_columns_a, glass_columns_a,
          glass_columns_a, glass_columns_b, glass_columns_b, glass_columns_a,
          glass_columns_b, glass_columns_a, glass_columns_a, glass_columns_a,
          glass_columns_a, glass_columns_a, glass_columns_a, feat_on_display,
          minmay_strange_pillars, minmay_strange_pillars

Skill      XL: |  1  2  3 |
---------------+----------+-----
Unarmed Combat | 3 4 |  4.0
Fighting       | |  2.1
Throwing       | |  0.8
Dodging        | |  2.1
Spellcasting   | |  2.0
Translocations | |  3.4

Action                   |  1- 3 |  4- 6 || total
-------------------------+-------+-------++-------
Melee: Short sword       |    93 |       ||    93
       Unarmed           |    13 |       ||    13
       Tailslap          |    17 |     1 ||    18
       Rapier            |    40 |    21 ||    61
  Use: Potion            |     1 |     1 ||     2
       Scroll            |     3 |       ||     3
Armor: Skin              |    46 |     6 ||    52
Dodge: Dodged            |    99 |     4 ||   103
